 Dungeon Crawl Stone Soup version 0.30.1-1-g62c8e00024 (webtiles) character file.

Game seed: 5340392871108494595

10791 cheesebisquit the Grappler (level 11, -24/109 HPs)
             Began as a Troll Fighter on July 17, 2023.
             Was a High Priest of Cheibriados.
             Annihilated by a skeletal warrior
             ... wielding a +0 halberd
              (33 damage)
             ... on level 11 of the Dungeon.
             The game lasted 00:32:19 (9481 turns).

cheesebisquit the Grappler (Troll Fighter)          Turns: 9481, Time: 00:32:20

Health: -24/109    AC:  6    Str: 37    XL:     11   Next: 40%
Magic:  22/22      EV: 12    Int: 19    God:    Cheibriados [*****.]
Gold:   366        SH: 17    Dex: 20    Spells: 10/10 levels left

rFire   . . .        I - +8 morningstar of Extermination {venom, Will+}
rCold   . . .        b - +5 kite shield
rNeg    . . .        v - +2 robe {Will+}
rPois   .            (helmet restricted)
rElec   .            a - scarf {harm}
rCorr   .            (gloves unavailable)
SInv    .            (boots unavailable)
Will    ++...        t - amulet of Vitality {RegenMP++ Regen++}
Stlth   ++           w - ring of magical power
HPRegen 2.78/turn    u - ring of flight
MPRegen 0.98/turn

%: harm (+30% outgoing, +20% incoming)
@: flying, very slow
A: large, unfitting armour, claws 3, regeneration 1, shaggy fur 1, tough skin 1
a: Renounce Religion, Bend Time, Temporal Distortion, Slouch, Step From Time


You were on level 11 of the Dungeon.
You worshipped Cheibriados.
Cheibriados was extremely pleased with you.
You visited 2 branches of the dungeon, and saw 12 of its levels.
You also visited: Ossuary.

You collected 613 gold pieces.
You spent 247 gold pieces at shops.

Inventory:

Hand Weapons
 I - the +8 morningstar of Extermination (weapon) {venom, Will+}
   (You found it on level 11 of the Dungeon)

   Will:      It increases your willpower.
Missiles
 s - 44 poisoned darts (quivered)
 x - 2 curare-tipped darts
 B - a throwing net
 E - 6 large rocks
Armour
 a - a scarf of harm (worn)
 b - a +5 kite shield (worn)
 v - a +2 robe of willpower (worn)
 G - a +2 cloak of preservation
Jewellery
 t - the amulet of Vitality (around neck) {RegenMP++ Regen++}
   (You found it on level 4 of the Dungeon)

   [amulet of magic regeneration]

   It increases your rate of magic regeneration.
   Regen:     It increases your rate of health regeneration.
 u - a ring of flight (right claw)
 w - a ring of magical power (left claw)
 y - a ring of wizardry
 D - an amulet of regeneration
Wands
 n - a wand of digging (4)
 F - a wand of flame (5)
Scrolls
 d - a scroll of magic mapping
 e - 10 scrolls of teleportation
 f - 3 scrolls of butterflies
 i - a scroll of enchant weapon
 k - 4 scrolls of immolation
 l - a scroll of acquirement {unknown}
 o - a scroll of brand weapon {unknown}
 q - a scroll of silence {unknown}
 z - a scroll of fear {unknown}
 C - a scroll of fog {unknown}
 H - a scroll of enchant armour
Potions
 c - 3 potions of mutation
 g - 2 potions of flight
 h - 9 potions of curing
 j - 3 potions of lignification
 m - a potion of cancellation
 p - a potion of ambrosia
 r - 4 potions of resistance
 A - 2 potions of attraction


   Skills:
 + Level 7.0 Fighting
 + Level 5.4 Dodging
 + Level 9.0 Shields
 - Level 11.3 Unarmed Combat
 + Level 4.5 Invocations


You had 10 spell levels left.
You didn't know any spells.
Your spell library contained the following spells:

 Spells                   Type           Power      Damage    Failure   Level
 Freeze                   Ice            0%         1d3       30%         1
 Shock                    Conj/Air       0%         1d3       30%         1
 Summon Small Mammal      Summ           0%         N/A       30%         1
 Ensorcelled Hibernation  Hex/Ice        0%         N/A       41%         2
 Sublimation of Blood     Necr           0%         N/A       41%         2
 Wereblood                Tmut           0%         N/A       41%         2
 Call Canine Familiar     Summ           0%         N/A       65%         3
 Frozen Ramparts          Ice            0%         1d1       65%         3
 Hailstorm                Conj/Ice       0%         3d3       65%         3
 Summon Guardian Golem    Hex/Summ       0%         N/A       65%         3
 Swiftness                Air            0%         N/A       65%         3
 Airstrike                Air            0%         2d(0-16)  96%         4
 Animate Dead             Necr           0%         N/A       96%         4
 Passage of Golubria      Tloc           0%         N/A       96%         4
 Borgnjor's Vile Clutch   Necr/Erth      0%         N/A       100%        5
 Silence                  Hex/Air        0%         N/A       100%        5
 Summon Hydra             Summ           0%         N/A       100%        7
 Lehudib's Crystal Spear  Conj/Erth      0%         10d2      100%        8


Dungeon Overview and Level Annotations

Branches:
Dungeon (11/15)            Temple (1/1) D:6            Lair (0/5) D:8
    Orc (0/2) D:9         Ossuary (visited)

Altars:
Ashenzari
Cheibriados
Dithmenos
Elyvilon
Fedhas
Gozag
Hepliaklqana
Kikubaaqudgha
Makhleb
Nemelex Xobeh
Okawaru
Qazlal
Ru
Sif Muna
Trog
Uskayaw
Vehumet
Wu Jian
Xom
Yredelemnul
Zin
The Shining One

Shops:
D:1 [   D:6 *   D:11 *

Annotations:
D:8 4 transporters


Innate Abilities, Weirdness & Mutations

You are too large for most types of armour.
You have claws for hands.
Your natural rate of healing is unusually fast.
You are covered in fur. (AC +1)
You have tough skin. (AC +1)


Message History

The skeletal warrior hits you with a +0 scimitar!!
The skeletal warrior hits you with a +0 flail!
You block the skeletal warrior's attack.
The skeletal warrior attacks as you move away!
You block the skeletal warrior's attack.
You block the wraith's attack.
The skeletal warrior attacks as you move away!
You block the skeletal warrior's attack.
You block the wraith's attack.
The skeletal warrior attacks as you move away!
You block the skeletal warrior's attack.
The wraith attacks as you move away! The wraith barely misses you.
The wraith hits you!
A skeletal warrior opens the door.
The wraith attacks as you move away! You block the wraith's attack. x2
The skeletal warrior hits you from afar with a +0 halberd!!
There is an open door, spattered with blood here.
The wraith barely misses you.
You hit the wraith.
The wraith is lightly damaged.
The wraith hits you but does no damage.
The skeletal warrior hits you from afar with a +0 halberd!
You are confused.
You feel invigorated. The wraith barely misses you.
The skeletal warrior hits you from afar with a +0 halberd!
* * * LOW HITPOINT WARNING * * *
You closely miss the wraith.
The wraith is lightly damaged.
The wraith hits you but does no damage.
The skeletal warrior hits you from afar with a +0 halberd!!
* * * LOW HITPOINT WARNING * * *
The wraith barely misses you.
The skeletal warrior hits you from afar with a +0 halberd.
* * * LOW HITPOINT WARNING * * *
You are too confused!
You feel better.
You feel less invigorated. You block the wraith's attack.
The skeletal warrior hits you from afar with a +0 halberd!!
* * * LOW HITPOINT WARNING * * *
You feel better. You block the wraith's attack.
The skeletal warrior hits you from afar with a +0 halberd!!
You die...

.....# #..##...#......)).
.....#.........#..##...#>......).
.....#.........#..##...#......)).
.....#.........#..##...#.........
.....#.........#..##...#.........
..#..#.........#..##...#.........
..#..#.........#..##...#.........
..#..#.......zz#..##...#.......>.
.....#.......zzW@......#.........
.....#....###'##.......##########
.....#....#..................####
.....#....#.............####.#...
.....#....#....#######..# #.#...
###..#....#....##...##..# #.#...
###..#....#....##...##..# #.#...
.....#....#....#.....#..####.#...
.....# ##....#.....#.......#...


You could see 4 skeletal warriors and a wraith.

Vanquished Creatures
  Erica (D:8)
  4 two-headed ogres
  An orc knight (D:11)
  A cyclops (D:11)
  A manticore (D:11)
  Maurice (D:11)
  A troll (D:10)
  Sigmund (D:3)
  A slime creature (D:11)
  2 wyverns
  2 shadows (D:9)
  A vampire (D:10)
  4 vampire mosquitoes (D:10)
  Menkaure (D:5)
  A water moccasin (D:6)
  An ice beast (D:7)
  7 orc warriors
  A sky beast (D:7)
  A black bear (D:6)
  An ogre (D:6)
  3 centaurs
  A phantom (D:5)
  5 kobold brigands
  A gnoll sergeant (D:9)
  2 scorpions (D:6)
  3 bullfrogs
  9 wights
  10 killer bees
  2 hounds (D:5)
  A gnoll bouda (D:8)
  4 orc priests
  9 jellies
  7 iguanas
  Terence (D:3)
  5 sleepcaps
  Natasha (thrice) (D:2)
  7 orc wizards
  2 mummies (Ossuary)
  13 adders
  7 gnolls
  2 shadow imps
  2 white imps
  An ufetubus (D:4)
  2 adder zombies (Ossuary)
  3 worms
  2 dart slugs (D:1)
  32 orcs
  5 bats
  16 endoplasms
  2 giant cockroaches
  11 goblins
  8 hobgoblins
  7 jackals (D:3)
  28 kobolds
  3 quokkas
  9 ball pythons
  5 frilled lizards
  2 goblin zombies (Ossuary)
  13 hobgoblin zombies (Ossuary)
  A jackal zombie (Ossuary)
  10 kobold zombies (Ossuary)
  8 orc zombies (Ossuary)
  2 rats (D:1)
303 creatures vanquished.

Notes
Turn   | Place    | Note
-------+----------+-------------------------------------------
     0 | D:1      | cheesebisquit the Troll Fighter began the quest for the
                  | Orb.
     0 | D:1      | Reached XP level 1. HP: 22/22 MP: 0/0
   115 | D:1      | Reached XP level 2. HP: 27/29 MP: 1/1
   417 | D:1      | Found a faded altar of an unknown god.
   481 | D:1      | Reached XP level 3. HP: 36/36 MP: 2/2
   527 | D:1      | Found Biazuore's Armour Emporium.
   636 | D:2      | Noticed Natasha
   674 | D:2      | Killed Natasha
   675 | D:2      | Reached skill level 3 in Unarmed Combat
   697 | D:2      | Reached XP level 4. HP: 44/44 MP: 3/3
   864 | D:2      | Noticed Natasha
   870 | D:2      | Killed Natasha
   903 | D:2      | Noticed Natasha
   909 | D:2      | Killed Natasha
  1039 | D:2      | Reached XP level 5. HP: 50/53 MP: 4/4
  1409 | D:3      | Noticed Sigmund
  1417 | D:3      | Killed Sigmund
  1418 | D:3      | Reached skill level 4 in Unarmed Combat
  1418 | D:3      | Reached XP level 6. HP: 56/61 MP: 5/5
  1471 | D:3      | Got the Discursus on Entrancing Spooky Mysteries
  1588 | D:3      | Noticed Terence
  1602 | D:3      | Killed Terence
  1797 | D:3      | Noticed an ice beast
  2693 | D:4      | Found the amulet of Vitality {RegenMP++ Regen++}
  2877 | D:4      | Reached skill level 5 in Shields
  2877 | D:4      | Reached skill level 5 in Unarmed Combat
  3005 | D:4      | Found an opulent altar of Gozag.
  3006 | D:4      | Found a basalt altar of Yredelemnul.
  3252 | D:5      | Entered Level 5 of the Dungeon
  3260 | D:5      | Found a glowing silver altar of Zin.
  3290 | D:5      | Noticed Menkaure
  3295 | D:5      | Reached XP level 7. HP: 38/67 MP: 6/6
  3302 | D:5      | Killed Menkaure
  3413 | D:5      | Found an ancient bone altar of Kikubaaqudgha.
  3473 | D:1      | Bought a +2 robe of willpower for 247 gold pieces
  3659 | D:5      | Reached skill level 6 in Unarmed Combat
  3875 | D:5      | Reached XP level 8. HP: 78/78 MP: 7/7
  4064 | D:6      | Found a hazy altar of Hepliaklqana.
  4180 | D:6      | Found Ricwoufi's Assorted Antiques.
  4223 | D:6      | Found a staircase to the Ecumenical Temple.
  4241 | Temple   | Entered the Ecumenical Temple
  4414 | D:6      | Reached skill level 7 in Unarmed Combat
  5047 | Temple   | Became a worshipper of Cheibriados the Contemplative
  5304 | D:7      | Reached skill level 5 in Fighting
  5304 | D:7      | Reached XP level 9. HP: 74/88 MP: 8/8
  5351 | D:7      | Found a sand-covered staircase.
  5356 | Ossuary  | Entered an ossuary
  5504 | Ossuary  | Reached * piety under Cheibriados
  5685 | D:7      | Reached skill level 8 in Unarmed Combat
  5698 | D:7      | Identified the +9 flail of Mastery {freeze, rF- Will+
                  | Stlth+}
  5802 | D:7      | Found a faded altar of an unknown god.
  5802 | D:7      | Found a shimmering blue altar of Sif Muna.
  5810 | D:7      | Found a faded altar of an unknown god.
  5812 | D:7      | Found a white marble altar of Elyvilon.
  5814 | D:7      | Found an iron altar of Okawaru.
  6090 | D:8      | Found a staircase to the Lair.
  6134 | D:8      | Reached ** piety under Cheibriados
  6463 | D:8      | Noticed Erica
  6470 | D:8      | Killed Erica
  6471 | D:8      | Reached skill level 9 in Unarmed Combat
  6471 | D:8      | Reached skill level 1 in Invocations
  6531 | D:8      | Found a transporter.
  6550 | D:8      | Found a transporter.
  6580 | D:8      | Found a transporter.
  6585 | D:8      | Found a transporter.
  6947 | D:9      | Noticed a two-headed ogre
  6952 | D:9      | Killed a two-headed ogre
  6953 | D:9      | Reached XP level 10. HP: 90/98 MP: 10/10
  7086 | D:9      | Reached *** piety under Cheibriados
  7155 | D:9      | Found a staircase to the Orcish Mines.
  7403 | D:9      | Reached skill level 10 in Unarmed Combat
  7443 | D:9      | Found an ornate altar of the Wu Jian Council.
  7647 | D:9      | Reached **** piety under Cheibriados
  7847 | D:10     | Entered Level 10 of the Dungeon
  7863 | D:10     | Noticed a two-headed ogre
  7870 | D:10     | Killed a two-headed ogre
  7993 | D:10     | Noticed a two-headed ogre
  8001 | D:10     | Killed a two-headed ogre
  8208 | D:10     | Reached XP level 11. HP: 96/107 MP: 12/12
  8480 | D:10     | Found a broken altar of Ashenzari.
  8483 | D:10     | Found a shimmering altar of Xom.
  8483 | D:10     | Found an ornate altar of the Wu Jian Council.
  8485 | D:10     | Found a sparkling altar of Nemelex Xobeh.
  8485 | D:10     | Found an ancient bone altar of Kikubaaqudgha.
  8485 | D:10     | Found a hide-covered altar of Uskayaw.
  8758 | D:11     | Reached skill level 5 in Dodging
  8788 | D:11     | Noticed Maurice
  8794 | D:11     | Killed Maurice
  8864 | D:11     | Reached skill level 11 in Unarmed Combat
  8957 | D:11     | Noticed an orc knight
  8969 | D:11     | Reached ***** piety under Cheibriados
  8974 | D:11     | Killed an orc knight
  9046 | D:11     | Identified the +8 morningstar of Extermination {venom,
                  | Will+}
  9175 | D:11     | Found Zarphojad's Overcharged Wands.
  9203 | D:11     | Noticed a two-headed ogre
  9210 | D:11     | Killed a two-headed ogre
  9466 | D:11     | Noticed a skeletal warrior
  9466 | D:11     | Noticed a skeletal warrior
  9466 | D:11     | Noticed a skeletal warrior
  9466 | D:11     | Noticed a skeletal warrior
  9480 | D:11     | HP: 1/109 [skeletal warrior/+0 halberd (24)]
  9481 | D:11     | Annihilated by a skeletal warrior

Illustrated notes

Levels and vault maps discovered:
D:1:      minmay_arrival_jagged, layout_loops_cross,
          shapermc_ecumenical_altar_acropolis, serial_shops,
          nicolae_shop_behind_doors
D:2:      layout_loops_ring, nrook_uturn, uniq_natasha
D:3:      layout_loops_ring, kennysheep_generic_room_11, uniq_sigmund,
          uniq_terence
D:4:      kennysheep_big_flooded_room, layout_cave_pods,
          gammafunk_temple_overflow_wave, dreamdust_princess_corridor
D:5:      layout_basic, mainiacjoe_overflow_catch_the_wave, uniq_menkaure
D:6:      layout_basic, mainiacjoe_overflow_boulevard,
          minmay_temple_entry_offerings, serial_shops, nicolae_shop_statue_plus
D:7:      layout_cave_pools, chequers_temple_overflow_minitemple,
          enter_bailey_3, enter_ossuary_5
D:8:      layout_basic, lair_entry_dummy, corner_web_ring,
          hangedman_decor_opposing, grunt_ministairs_1,
          nicolae_transporter_circle, uniq_erica
D:9:      layout_loops_cross, lemuel_tele_altar, david_orc_2
D:10:     layout_basic, doesnt_xom_only_xom
D:11:     lemuel_slime, layout_stronghold, nicolae_shop_overcharged_wands,
          uniq_maurice
Temple:   nicolae_temple_ecumenical_triangle

Skill      XL: |  1  2  3  4  5  6  7  8  9 10 11 |
---------------+----------------------------------+-----
Shields        | 3 4 5 6 7 8 9 |  9.0
Unarmed Combat | 3 4 5 6 7 9 10 11 | 11.3
Fighting       | 3 4 5 6 7 |  7.0
Dodging        | 3 4 5 |  5.4
Invocations    | 2 3 4 |  4.5

Action                     |  1- 3 |  4- 6 |  7- 9 | 10-12 || total
---------------------------+-------+-------+-------+-------++-------
  Melee: Unarmed           |   108 |   178 |   357 |   194 ||   837
         Morningstar       |       |       |       |    24 ||    24
  Throw: Dart              |       |     5 |    57 |   115 ||   177
 Invoke: Bend Time         |       |       |     1 |       ||     1
         Temporal Distorti |       |       |       |     1 ||     1
    Use: Potion            |       |     1 |       |     5 ||     6
         Scroll            |       |     3 |    11 |     7 ||    21
   Stab: Sleeping          |       |     1 |       |       ||     1
 Armour: Robe              |    53 |    31 |    47 |    37 ||   168
  Dodge: Dodged            |    41 |    48 |    62 |    66 ||   217
  Block: Kite shield       |    46 |    52 |   173 |   208 ||   479
